 Dungeon Crawl Stone Soup version 0.20.1-1-g8b1a95d (webtiles) character file.

263 Irenicus the Chopper (level 5, -1/46 HPs)
             Began as a Deep Dwarf Berserker on Nov 1, 2017.
             Was a Believer of Trog.
             Killed by divine providence
             ... invoked by an orc priest
              (14 damage)
             ... on level 3 of the Dungeon.
             The game lasted 00:04:51 (1903 turns).

Irenicus the Chopper (Deep Dwarf Berserker)         Turns: 1903, Time: 00:04:51

Health: -1/46      AC:  4    Str: 21    XL:     5   Next: 97%
Magic:  5/5        EV: 12    Int:  7    God:    Trog [**....]
Gold:   140        SH:  0    Dex: 13    Spells: 4/4 levels left

rFire    . . .     SeeInvis .   a - +0 hand axe
rCold    . . .     Gourm    .   (no shield)
rNeg     . . .     Faith    .   u - +0 leather armour (curse)
rPois    .         Spirit   .   t - +0 hat
rElec    .         Reflect  .   (no cloak)
rCorr    .         Harm     .   p - +0 pair of gloves
MR       .....                  (no boots)
Stlth    +.........             (no amulet)
Regen    0.0/turn               k - ring of wizardry
MPRegen  0.1/turn               (no ring)

@: non-regenerating
A: damage resistance, heal wounds, sense surroundings 1, no regeneration
a: Heal Wounds, Berserk, Trog's Hand, Burn Spellbooks, Renounce Religion


You were on level 3 of the Dungeon.
You worshipped Trog.
Trog was pleased with you.
You were not hungry.

You visited 1 branch of the dungeon, and saw 3 of its levels.

You collected 140 gold pieces.

Inventory:

Hand Weapons
 a - a +0 hand axe (weapon)
Armour
 b - a +0 animal skin
 p - a +0 pair of gloves (worn)
 t - a +0 hat (worn)
 u - a cursed +0 leather armour (worn)
Jewellery
 k - a ring of wizardry (left hand)
Scrolls
 e - 2 scrolls of identify {unknown}
 f - a scroll of magic mapping {unknown}
 h - 2 scrolls of fog {unknown}
 i - 2 scrolls of recharging {unknown}
 j - a scroll of enchant weapon {unknown}
 n - a scroll of blinking {unknown}
 o - a scroll of immolation {unknown}
 q - a scroll of remove curse {unknown}
Potions
 d - a potion of lignification
 g - 2 potions of might
Comestibles
 c - a bread ration
 r - a meat ration
 s - a chunk of flesh


   Skills:
 - Level 2.6 Fighting
 + Level 7.4 Axes
 - Level 2.1 Armour
 - Level 2.1 Dodging


You had 4 spell levels left.
You didn't know any spells.

Dungeon Overview and Level Annotations

Branches:
Dungeon (3/15)

Altars:
Sif Muna
The Shining One


Innate Abilities, Weirdness & Mutations

You are resistant to damage.
You can heal yourself by infusing magical energy.
You passively map a small area around you.
You do not regenerate.


Message History

It was a potion of heal wounds.
You feel much better. The orc priest barely misses you.
You hit the orc priest.
The orc priest is severely wounded.
The orc priest closely misses you.
You hit the orc priest.
The orc priest is almost dead.
You hit the orc priest but do no damage.
The orc priest is almost dead.
The orc priest hits you with a flail.
You barely miss the orc priest.
The orc priest is almost dead.
The orc priest mumbles some strange prayers to Beogh against you.
Beogh smites you!
* * * LOW HITPOINT WARNING * * *
You closely miss the orc priest.
The orc priest is almost dead.
The orc priest mumbles some strange prayers to Beogh against you.
Beogh smites you!
You die...

,
............>#
,
..........#..#
........##..#
########.##..#
,, ,, #.##..#
* * #.##..# *
* #.##..# , ,
#.##..# * **,
#@#* , #o#
,#.# , #.# , *
* ..#* ,### *


You could see an orc priest.

Vanquished Creatures
  Sigmund (D:2)
  5 adders
  A worm (D:2)
  2 dart slugs (D:1)
  An orc (D:3)
  4 bats
  4 giant cockroaches (D:2)
  7 goblins
  6 hobgoblins (D:1)
  3 jackals (D:1)
  A quokka (D:2)
  A ball python (D:3)
  3 frilled lizards
  6 kobolds
  10 rats
55 creatures vanquished.

Notes
Turn   | Place    | Note
-------+----------+-------------------------------------------
     0 | D:1      | Irenicus the Deep Dwarf Berserker began the quest for the Orb.
     0 | D:1      | Reached XP level 1. HP: 20/20 MP: 1/1
   223 | D:1      | Reached skill level 4 in Axes
   223 | D:1      | Reached XP level 2. HP: 14/27 MP: 2/2
   394 | D:1      | HP: 1/27 [frilled lizard (1)]
   450 | D:1      | Reached XP level 3. HP: 33/33 MP: 3/3
   540 | D:1      | Reached ** piety under Trog
   816 | D:2      | Noticed Sigmund
   829 | D:2      | Reached skill level 5 in Axes
   831 | D:2      | Killed Sigmund
   831 | D:2      | Reached skill level 6 in Axes
   831 | D:2      | Reached XP level 4. HP: 20/40 MP: 4/4
   831 | D:2      | Reached XP level 5. HP: 23/46 MP: 5/5
   903 | D:2      | Reached skill level 7 in Axes
  1060 | D:2      | Found a deep blue altar of Sif Muna.
  1212 | D:2      | Found a glowing golden altar of the Shining One.
  1903 | D:3      | Killed from afar by an orc priest

Skill      XL: |  1  2  3  4  5 |
---------------+----------------+-----
Axes           | 4 6 7 |  7.4
Fighting       | |  2.6
Armour         | |  2.1
Dodging        | |  2.1

Action                   |  1- 3 |  4- 6 || total
-------------------------+-------+-------++-------
Melee: Hand axe          |    85 |    78 ||   163
Invok: Berserk           |     1 |     1 ||     2
       Trog's Hand       |       |     1 ||     1
 Abil: Heal Wounds       |     1 |       ||     1
  Use: Potion            |     3 |     2 ||     5
 Stab: Sleeping          |       |     1 ||     1
  Eat: Chunk             |       |     6 ||     6
Armor: Animal skin       |     6 |    14 ||    20
       Skin              |    13 |       ||    13
       Leather armour    |       |     4 ||     4
Dodge: Dodged            |    51 |    57 ||   108
